 Dungeon Crawl Stone Soup version 0.30.1-4-g462c640d31 (webtiles) character file.

Game seed: 11817294477305479376

2683 Almogavar the Thaumaturge (level 9, -9/45 HPs)
             Began as a Deep Elf Conjurer on Aug 9, 2023.
             Was an Initiate of Nemelex Xobeh.
             Mangled by a sleepcap (13 damage)
             ... on level 7 of the Dungeon on Aug 10, 2023.
             The game lasted 00:30:42 (7143 turns).

Almogavar the Thaumaturge (Deep Elf Conjurer)       Turns: 7143, Time: 00:30:43

Health: -9/45      AC:  7    Str:  4    XL:     9   Next: 37%
Magic:  3/26       EV:  2    Int: 28    God:    Nemelex Xobeh [......]
Gold:   425        SH:  0    Dex: 21    Spells: 20/30 levels left

rFire   . . .        D - +5 dagger of Nemelex Xobeh's Hatred {protect, +Blink rN+ Dex+4}
rCold   . . .        (no shield)
rNeg    + + .        a - +0 robe
rPois   +            z - +1 hat
rElec   .            x - +0 cloak
rCorr   .            c - +0 pair of gloves
SInv    .            j - +1 pair of boots of Compression {Will+ Dex+4}
Will    +....        (no amulet)
Stlth   +++          g - ring of poison resistance
HPRegen 0.27/turn    p - ring of positive energy
MPRegen 0.20/turn

%: no passive effects
@: sleeping, on berserk cooldown, slowed
A: no striking features
a: Renounce Religion, Evoke Blink, Draw Escape, Draw Destruction, Draw Summoning


You were on level 7 of the Dungeon.
You worshipped Nemelex Xobeh.
Nemelex Xobeh was noncommittal.
You visited 2 branches of the dungeon, and saw 8 of its levels.

You collected 425 gold pieces.

Inventory:

Hand Weapons
 y - the +6 dagger "Zuad" {drain, rF++ rN+}
   (You took it off an orc on level 4 of the Dungeon)

   rF:        It greatly protects you from fire.
   rN:        It protects you from negative energy.
 D - the +5 dagger of Nemelex Xobeh's Hatred (weapon) {protect, +Blink rN+ Dex+4}
   (You found it on level 6 of the Dungeon)

   Dex:       It affects your dexterity (+4).
   rN:        It protects you from negative energy.
   +Blink:    It lets you blink.
Missiles
 v - 2 throwing nets
Armour
 a - a +0 robe (worn)
 c - a +0 pair of gloves (worn)
 j - the +1 pair of boots of Compression (worn) {Will+ Dex+4}
   (You acquired it on level 4 of the Dungeon)

   Dex:       It affects your dexterity (+4).
   Will:      It increases your willpower.
 x - a +0 cloak (worn)
 z - a +1 hat (worn)
Magical Staves
 i - a staff of conjuration
 s - a staff of earth
Jewellery
 g - a ring of poison resistance (left hand)
 p - a ring of positive energy (right hand)
Wands
 e - a wand of paralysis (6)
 t - a wand of flame (16)
Scrolls
 d - a scroll of magic mapping
 f - a scroll of teleportation
 h - 2 scrolls of blinking
 l - a scroll of silence {unknown}
 m - a scroll of immolation {unknown}
 n - a scroll of torment {unknown}
 w - a scroll of noise {unknown}
 A - a scroll of poison {unknown}
 E - a scroll of amnesia {unknown}
Potions
 b - a potion of magic
 k - a potion of flight
 o - a potion of might {unknown}
 q - a potion of berserk rage
 r - a potion of brilliance {unknown}
 u - 4 potions of curing {unknown}
 B - a potion of resistance {unknown}
 C - 3 potions of lignification {unknown}


   Skills:
 + Level 1.0 Short Blades
 + Level 4.5 Dodging
 + Level 4.7 Stealth
 + Level 11.2 Spellcasting
 + Level 10.4 Conjurations
 + Level 0.4 Evocations


You had 20 spell levels left.
You knew the following spells:

 Your Spells              Type           Power      Damage    Failure   Level
a - Magic Dart            Conj           100%       1d8       1%          1
b - Searing Ray           Conj           100%       2d8       1%          2
c - Dazzling Flash        Conj/Hex       88%        N/A       1%          3
d - Iskenderun's Mystic   Conj/Tloc      44%        2d10      4%          4

Your spell library contained the following spells:

 Spells                   Type           Power      Damage    Failure   Level
 Static Discharge         Conj/Air       88%        2-6/arc   1%          2
 Fulminant Prism          Conj/Hex       22%        3d12      4%          4
 Airstrike                Air            7%         2d(2-18)  34%         4
 Summon Lightning Spire   Summ/Air       15%        N/A       34%         4


Dungeon Overview and Level Annotations

Branches:
Dungeon (7/15)             Temple (1/1) D:7

Altars:
Ashenzari
Cheibriados
Dithmenos
Elyvilon
Fedhas
Gozag
Hepliaklqana
Kikubaaqudgha
Nemelex Xobeh
Okawaru
Ru
Trog
Uskayaw
Vehumet
Wu Jian
Xom
Yredelemnul
Zin

Shops:
D:5 :


Message History

(Press . to maintain the ray.)
The hell rat misses you.
The searing ray misses the hell rat.
The hell rat bites you but does no damage.
The searing ray misses the hell rat.
The hell rat misses you. x2
The searing ray hits the hell rat.
The hell rat is lightly wounded.
The searing ray hits the quokka!
You kill the quokka!
You finish channelling your searing ray.
The hell rat misses you. The hell rat closely misses you.
Casting: Searing Ray (safe; 1% risk of failure)
Confirm with . or Enter, or press ? or * to list all spells.
Aiming: Searing Ray (safe; 1% risk of failure)
Press: ? - help, Shift-Dir - straight line, f/p - hell rat
Aim: a hell rat (lightly wounded, 83% to hit)
The searing ray hits the hell rat!
The hell rat is almost dead. (Press . to maintain the ray.)
The hell rat closely misses you. The hell rat misses you.
The searing ray hits the hell rat.
You kill the hell rat!
You start resting.
A sleepcap comes into view.
Casting: Searing Ray (safe; 1% risk of failure)
Confirm with . or Enter, or press ? or * to list all spells.
Aiming: Searing Ray (safe; 1% risk of failure)
Press: ? - help, Shift-Dir - straight line, f - sleepcap
Aim: a sleepcap (wandering, hasn't noticed you, 100% to hit)
The searing ray hits the sleepcap!
The sleepcap is moderately damaged. (Press . to maintain the ray.)
The sleepcap releases spores at you.
* * * LOW HITPOINT WARNING * * *
You are engulfed in a cloud of soporific spores!
You fall asleep.
A rat comes into view.
The sleepcap releases spores at you!
You die...
Your body disappears without a glow.

## ##†# .
###.###
.#.†##..
#.#†##.
#.#†#.#
#††r.#
#.#†..##
#.##.†#f#
#.#.##@#..
. #.
#####. . #
# ..


You could see a sleepcap and a rat (wandering).

Vanquished Creatures
  A hornet (D:7)
  The ghost of Zkahoot the Conjurer, an amateur DECj (D:4)
  Eustachio (D:5)
  A water moccasin (D:6)
  An ice beast (D:6)
  An orc warrior (D:7)
  3 sky beasts (D:7)
  2 black bears
  An ogre (D:6)
  A centaur (D:7)
  2 bullfrogs
  2 scorpions (D:6)
  4 wights (D:7)
  5 hounds
  4 orc priests
  A jelly (D:5)
  4 iguanas
  2 orc wizards
  A hell rat (D:7)
  3 gnolls (D:5)
  15 adders
  4 river rats (D:7)
  A shadow imp (D:6)
  2 ufetubi
  A worm (D:2)
  2 dart slugs
  28 orcs
  13 ball pythons
  7 bats
  13 endoplasms
  2 giant cockroaches
  5 goblins
  6 hobgoblins
  3 jackals (D:4)
  6 kobolds
  7 quokkas
  2 frilled lizards (D:3)
  15 rats
173 creatures vanquished.

Notes
Turn   | Place    | Note
-------+----------+-------------------------------------------
     0 | D:1      | Almogavar the Deep Elf Conjurer began the quest for the
                  | Orb.
     0 | D:1      | Reached XP level 1. HP: 10/10 MP: 6/6
   163 | D:1      | Reached XP level 2. HP: 15/15 MP: 6/8
   316 | D:1      | Reached skill level 5 in Conjurations
   797 | D:1      | Reached XP level 3. HP: 16/19 MP: 5/10
   923 | D:2      | Learned a level 2 spell: Searing Ray
  1179 | D:2      | Reached skill level 4 in Spellcasting
  1179 | D:2      | Reached XP level 4. HP: 24/24 MP: 8/12
  1461 | D:2      | Found a hide-covered altar of Uskayaw.
  1894 | D:3      | Noticed a black bear
  2048 | D:3      | Reached XP level 5. HP: 28/28 MP: 8/13
  2166 | D:3      | Killed a black bear
  2167 | D:3      | Reached skill level 5 in Spellcasting
  2230 | D:3      | Learned a level 3 spell: Dazzling Flash
  2450 | D:3      | Found a faded altar of an unknown god.
  2814 | D:4      | Noticed Zkahoot's ghost (amateur DECj)
  2816 | D:4      | Identified the +6 dagger "Zuad" {drain, rF++ rN+}
  2822 | D:4      | Reached XP level 6. HP: 32/32 MP: 8/16
  3018 | D:4      | Identified a scroll of acquirement
  3019 | D:4      | Acquired the +1 pair of boots of Compression {Will+ Dex+4}
  3273 | D:4      | Found a runed translucent gate.
  3274 | D:4      | Found a runed translucent gate.
  3275 | D:4      | Found a runed translucent gate.
  3672 | D:4      | Reached skill level 6 in Spellcasting
  3743 | D:4      | Killed Zkahoot's ghost
  3744 | D:4      | Reached XP level 7. HP: 21/36 MP: 8/19
  3748 | D:4      | Reached skill level 7 in Spellcasting
  3913 | D:5      | Entered Level 5 of the Dungeon
  4208 | D:5      | Found Luenid's Book Boutique.
  4320 | D:5      | Found a shimmering altar of Xom.
  4393 | D:5      | Noticed Eustachio
  4397 | D:5      | Killed Eustachio
  4448 | D:5      | Reached skill level 8 in Spellcasting
  4774 | D:5      | Reached XP level 8. HP: 41/41 MP: 13/22
  4994 | D:5      | Upgraded the game from 0.30.1-3-gfc49f6343a to
                  | 0.30.1-4-g462c640d31
  5149 | D:6      | Reached skill level 9 in Spellcasting
  5560 | D:6      | Identified the +5 dagger of Nemelex Xobeh's Hatred
                  | {protect, +Blink rN+ Dex+4}
  5665 | D:6      | Found a shadowy altar of Dithmenos.
  5980 | D:6      | Learned a level 4 spell: Iskenderun's Mystic Blast
  6057 | D:7      | Reached skill level 10 in Spellcasting
  6288 | D:7      | Found a staircase to the Ecumenical Temple.
  6293 | Temple   | Entered the Ecumenical Temple
  6433 | Temple   | Became a worshipper of Nemelex Xobeh the Trickster
  6728 | D:7      | Reached XP level 9. HP: 45/45 MP: 25/25
  6738 | D:7      | Reached skill level 10 in Conjurations
  7106 | D:7      | Reached skill level 11 in Spellcasting
  7119 | D:7      | HP: 1/45 [something (6)]
  7123 | D:7      | Reached skill level 1 in Short Blades
  7143 | D:7      | Mangled by a sleepcap

Illustrated notes

Levels and vault maps discovered:
D:1:      matt_arrival_grand_opening, layout_rooms
D:2:      minmay_wonky_spiral, layout_rooms, basic_altar
D:3:      layout_rooms, shapermc_ecumenical_altar_ellora, minmay_checkerbox
D:4:      wander_river, layout_rooms, biasface_ghost_orc_armoury
D:5:      layout_cave_pods, kennysheep_mini_moat, serial_shops,
          nicolae_shop_tiny_glass, uniq_eustachio
D:6:      layout_loops_ring, mainiacjoe_overflow_surrounded_room, serial_glass,
          glass_columns_b, glass_columns_a, dk_rats_in_the_wall
D:7:      lemuel_ratsnest, layout_basic, minmay_temple_entry_nine_rooms
Temple:   eino_temple_scatter_basement

Skill      XL: |  1  2  3  4  5  6  7  8  9 |
---------------+----------------------------+-----
Conjurations   | 5 6 7 8 9 10 | 10.4
Spellcasting   | 4 5 6 8 10 11 | 11.2
Stealth        | 3 4 |  4.7
Dodging        | 3 4 |  4.5
Short Blades   | 1 |  1.0
Evocations     | |  0.4

Action                     |  1- 3 |  4- 6 |  7- 9 || total
---------------------------+-------+-------+-------++-------
  Melee: Staff             |       |     3 |     1 ||     4
         Dagger            |       |       |    43 ||    43
   Cast: Magic Dart        |    62 |   123 |    85 ||   270
         Searing Ray       |     2 |    10 |    40 ||    52
Ability: Evoke Blink       |       |       |     2 ||     2
  Evoke: Wand              |       |       |     1 ||     1
    Use: Scroll            |     3 |     5 |     2 ||    10
         Potion            |       |       |     2 ||     2
   Stab: Sleeping          |       |     1 |     1 ||     2
 Armour: Robe              |     2 |     4 |    43 ||    49
  Dodge: Dodged            |     5 |    15 |    41 ||    61
